 Dungeon Crawl Stone Soup version 0.31.0-12-g77e489cdc1 (webtiles) character file.

Game seed: 14813231716703145558

32 Ijustatesigmund the Trooper (level 3, -3/24 HPs)
             Began as a Gargoyle Fighter on Feb 23, 2024.
             Slain by a black bear (6 damage)
             ... on level 2 of the Dungeon.
             The game lasted 00:01:47 (545 turns).

Ijustatesigmund the Trooper (Gargoyle Fighter)       Turns: 545, Time: 00:01:47

Health: -3/24      AC:  7    Str: 19    XL:     3   Next: 25%
Magic:  3/3        EV: 11    Int: 10    God:
Gold:   30         SH:  4    Dex:  9    Spells: 2/2 levels left

rFire   . . .        a - +0 flail
rCold   . . .        c - +0 buckler
rNeg    + . .        b - +2 robe {Will+}
rPois   ∞            (no helmet)
rElec   +            (no cloak)
rCorr   .            (no gloves)
SInv    .            (no boots)
Will    +....        (no amulet)
Stlth   +            (no ring)
HPRegen 0.24/turn    (no ring)
MPRegen 0.08/turn

%: no passive effects
@: attractive
A: sickness immunity, AC +3, negative energy resistance 1, electricity
resistance, torment resistance 1, petrification resistance
a: no special abilities


You were on level 2 of the Dungeon.
You visited 1 branch of the dungeon, and saw 2 of its levels.

You collected 30 gold pieces.

Inventory:

Hand Weapons
 a - a +0 flail (weapon)
Armour
 b - a +2 robe of willpower (worn)
 c - a +0 buckler (worn)
Jewellery
 e - an amulet of faith
Scrolls
 g - a scroll of vulnerability {unknown}
 i - 2 scrolls of blinking {unknown}
 k - a scroll of immolation {unknown}
 l - a scroll of identify {unknown}
Potions
 d - a potion of might
 f - a potion of enlightenment {unknown}
 h - a potion of curing {unknown}


   Skills:
 + Level 3.6 Fighting
 * Level 2.9 Maces & Flails
 - Level 3.6 Armour
 + Level 0.0 Dodging
 - Level 3.2 Shields


You had 2 spell levels left.
You didn't know any spells.
Your spell library was empty.

Dungeon Overview and Level Annotations

Branches:
Dungeon (2/15)

Altars:

Shops:
D:1 =


Innate Abilities, Weirdness & Mutations

You are immune to sickness and miasma.
Your stone body is resilient. (AC +3)
You are immune to poison.
You resist negative energy. (rN+)
You are resistant to electric shocks. (rElec)
You are resistant to unholy torment.
You are immune to petrification.


Message History

The hobgoblin shouts!
The black bear bites you. The black bear claws you.
The black bear claws you but does no damage.
You sock the black bear!
The black bear is moderately wounded.
The black bear bites you. The black bear claws you.
The black bear claws you but does no damage.
You barely miss the black bear.
The black bear is moderately wounded.
The black bear bites you but does no damage.
The black bear closely misses you. The black bear misses you.
You hit the black bear.
The black bear is heavily wounded.
You block the black bear's attack. The black bear closely misses you.
The black bear claws you but does no damage.
You barely miss the black bear.
The black bear is heavily wounded.
The black bear bites you.
The black bear claws you but does no damage.
The black bear claws you.
You are too injured to fight recklessly!
You are too injured to fight recklessly!
You are too injured to fight recklessly!
You are too injured to fight recklessly!
You are too injured to fight recklessly!
You are too injured to fight recklessly!
You are too injured to fight recklessly!
You are too injured to fight recklessly!
You hit the black bear.
The black bear is severely wounded.
The black bear closely misses you. x2; The black bear claws you.
* * * LOW HITPOINT WARNING * * *
The black bear bites you.
* * * LOW HITPOINT WARNING * * *
The black bear barely misses you. The black bear claws you.
* * * LOW HITPOINT WARNING * * *
It was a potion of attraction.
You feel attractive to monsters. The black bear bites you.
You die...

#.# # #.#
.# #.##.#
#....#
#.####..#
#....<..#
....#####.#
. #.# #@#
#h# #g# #.#
#.# ..# ###


You could see a black bear and a hobgoblin.

Vanquished Creatures
  A dart slug (D:1)
  2 bats (D:1)
  6 endoplasms (D:1)
  3 goblins (D:1)
  3 hobgoblins (D:1)
  A quokka (D:1)
  2 ball pythons (D:1)
  A frilled lizard (D:1)
  5 kobolds (D:1)
  A rat (D:1)
25 creatures vanquished.

Notes
Turn   | Place    | Note
-------+----------+-------------------------------------------
     0 | D:1      | Ijustatesigmund the Gargoyle Fighter began the quest for
                  | the Orb.
     0 | D:1      | Reached XP level 1. HP: 14/14 MP: 1/1
    69 | D:1      | Reached XP level 2. HP: 15/19 MP: 2/2
   322 | D:1      | Reached XP level 3. HP: 21/23 MP: 3/3
   365 | D:1      | Found Vutiym's Jewellery Boutique.
   536 | D:2      | Noticed a black bear
   545 | D:2      | Slain by a black bear

Illustrated notes

Levels and vault maps discovered:
D:1:      spicycebolla_arrival_clurvy, layout_rooms, serial_shops,
          nicolae_shop_stone
D:2:      layout_loops_ring, minmay_unequal, uniq_jessica, uniq_robin

Action                     || total
---------------------------++-------
  Melee: Flail             ||    63
    Use: Potion            ||     1
 Armour: Scale mail        ||    35
         Robe              ||    16
  Dodge: Dodged            ||    29
  Block: Buckler           ||    11
